 Dungeon Crawl Stone Soup version 0.24-a0-518-g9d8d8d5b78 (webtiles) character file.

Game seed: 13158788373899012630

2393 Gargoyl the Agent of Entropy (level 9, 0/76 HPs)
             Began as a Centaur Abyssal Knight on July 23, 2019.
             Was a Priest of Lugonu.
             Slain by a manticore (13 damage)
             ... on level 8 of the Dungeon.
             The game lasted 00:12:52 (9104 turns).

Gargoyl the Agent of Entropy (CeAK)                 Turns: 9104, Time: 00:12:53

Health: 0/76       AC: 12    Str: 17    XL:     9   Next: 22%
Magic:  13/13      EV:  4    Int: 11    God:    Lugonu [***...]
Gold:   537        SH:  4    Dex: 14    Spells: 8/8 levels left

rFire    . . .     SeeInvis .   a - +4 hand axe (venom)
rCold    . . .     Gourm    .   h - +0 buckler
rNeg     . . .     Faith    .   i - +1 plate armour
rPois    .         Spirit   .   (no helmet)
rElec    .         Reflect  .   (no cloak)
rCorr    +         Harm     .   (no gloves)
MR       .....                  (no barding)
Stlth    ..........             (no amulet)
HPRegen  0.22/turn              k - ring of resist corrosion
MPRegen  0.13/turn              (no ring)

@: barbed spikes, very quick
A: large, hooves 3, rugged brown scales 1, thin skeletal structure 1, agile 1,
deformed body, speed 2, tough skin 3
a: Depart the Abyss, Bend Space, Banish, Renounce Religion


You were on level 8 of the Dungeon.
You worshipped Lugonu.
Lugonu was most pleased with you.
You were not hungry.

You visited 1 branch of the dungeon, and saw 8 of its levels.
You visited the Abyss 1 time.
You also visited: Ossuary.

You collected 537 gold pieces.

Inventory:

Hand Weapons
 a - a +4 hand axe of venom (weapon)
Missiles
 e - 3 boomerangs (quivered)
Armour
 h - a +0 buckler (worn)
 i - a +1 plate armour (worn)
Jewellery
 k - a ring of resist corrosion (left hand)
 r - an uncursed ring of protection from cold
Scrolls
 b - 7 scrolls of teleportation
 f - 4 scrolls of identify
 o - a scroll of magic mapping
 p - a scroll of fear
 t - a scroll of blinking
 x - a scroll of remove curse
Potions
 d - 5 potions of haste
 g - 2 potions of magic
 j - 4 potions of curing
 l - 2 potions of mutation
 m - 2 potions of might
 q - a potion of resistance
 s - a potion of invisibility {unknown}
 v - a potion of agility {unknown}
Comestibles
 c - 8 rations


   Skills:
 + Level 5.3 Fighting
   Level 1.0 Long Blades
 + Level 5.5 Axes
 + Level 1.5 Throwing
 * Level 5.2 Armour
 * Level 3.5 Dodging
 + Level 1.2 Shields
 * Level 5.5 Invocations


You had 8 spell levels left.
You didn't know any spells.
Your spell library was empty.

Dungeon Overview and Level Annotations

Branches:
Dungeon (8/15)             Temple (0/1) D:4
   Lair: D:8-11

Altars:
Ashenzari
Cheibriados
Dithmenos
Fedhas
Gozag
Hepliaklqana
Ru
Trog
Uskayaw
Yredelemnul
Zin
The Shining One

Shops:
D:4 (   D:5 %   D:7 (


Innate Abilities, Weirdness & Mutations

You have hooves in place of feet.
Armour fits poorly on your strangely shaped body.
You cover ground very quickly.
You have extremely tough skin. (AC +3)
You are partially covered in rugged brown scales. (AC +1, +3% HP)
You have a somewhat thin skeletal structure. (Dex +2, Stealth)
You are agile. (Dex +2)


Message History

The manticore is lightly wounded.
The manticore bites you!
The manticore claws you but does no damage.
The manticore claws you.
You hit the manticore. You kick the manticore.
The manticore is moderately wounded.
You block the manticore's attack. The manticore barely misses you.
You block the manticore's attack.
You hit the manticore.
The manticore is poisoned.
Your kick misses the manticore.
The manticore is moderately wounded.
The manticore bites you!
* * * LOW HITPOINT WARNING * * *
The manticore claws you but does no damage. x2
You hit the manticore but do no damage.
The manticore looks as sick as possible!
You kick the manticore.
The manticore is heavily wounded.
The manticore bites you!
You die...

..... . ..... ....#
...# #>... #..# #
....##..# ..
#...#..#####
.(.#...$......##
#.......H@.....##
#....))........####.
.#....<.)†.†........
.....).........##....
....................?
........#.#.#...#...
.?......####....# ...
#.......# ...... ..
##....#.# .###.#. #


You could see a manticore.

Vanquished Creatures
  Grinder (D:5)
  An orc warrior (D:7)
  A sky beast (D:6)
  A black bear (D:6)
  2 ice beasts
  An ogre (D:4)
  A phantom (D:4)
  A wyvern skeleton (D:7)
  4 scorpions
  4 killer bees
  2 howler monkeys
  A bullfrog zombie (D:5)
  A quasit (D:6)
  2 jellies
  2 hounds
  3 orc priests
  A centaur zombie (D:5)
  7 orc wizards
  3 iguanas
  3 worker ants
  A killer bee zombie (D:7)
  8 mummies (Ossuary)
  2 hound skeletons
  A worker ant zombie (D:6)
  3 gnolls (D:8)
  5 adders
  A howler monkey skeleton (D:7)
  An ooze (D:2)
  An adder zombie (D:5)
  2 worms (D:3)
  2 leopard geckos
  13 orcs
  13 bats
  3 giant cockroaches (D:3)
  9 hobgoblins
  10 jackals
  9 kobolds
  3 quokkas
  A ball python (D:6)
  9 frilled lizards
  6 goblins
  2 hobgoblin zombies (Ossuary)
  A jackal skeleton (D:5)
  3 kobold zombies (Ossuary)
  A leopard gecko zombie (D:6)
  3 orc zombies (Ossuary)
  5 rats
160 creatures vanquished.

Vanquished Creatures (others)
  An orc warrior (D:6)
1 creature vanquished.

Grand Total: 161 creatures vanquished

Notes
Turn   | Place    | Note
-------+----------+-------------------------------------------
     0 | Abyss:1  | Gargoyl the Centaur Abyssal Knight began the quest for the
                  | Orb.
     0 | Abyss:1  | Reached XP level 1. HP: 19/19 MP: 2/2
    35 | Abyss:2  | Found a corrupted altar of Lugonu.
    61 | Abyss:2  | Noticed a smoke demon
    93 | Abyss:2  | Noticed an ancient zyme
    94 | D:1      | Escaped the Abyss
   109 | D:1      | You fall into a shaft and drop 1 floor!
   112 | D:2      | Noticed an iguana
   341 | D:1      | Reached * piety under Lugonu
   342 | D:1      | Reached XP level 2. HP: 21/26 MP: 3/3
  1300 | D:2      | Gained mutation: You are agile. (Dex +2) [potion of
                  | mutation]
  1300 | D:2      | Gained mutation: You have a somewhat thin skeletal
                  | structure. (Dex +2, Stealth) [potion of mutation]
  1300 | D:2      | Gained mutation: You are partially covered in rugged brown
                  | scales. (AC +1, +3% HP) [potion of mutation]
  1385 | D:2      | Reached skill level 1 in Dodging
  1404 | D:3      | Reached XP level 3. HP: 12/31 MP: 4/4
  1754 | D:3      | Reached XP level 4. HP: 33/39 MP: 5/5
  1897 | D:3      | Reached ** piety under Lugonu
  1928 | D:3      | Found a glowing golden altar of the Shining One.
  1930 | D:3      | Noticed an angel
  1935 | D:3      | Found a basalt altar of Yredelemnul.
  1945 | D:3      | Noticed a profane servitor
  2110 | D:3      | Reached XP level 5. HP: 40/47 MP: 6/6
  2610 | D:2      | Reached skill level 1 in Long Blades
  2678 | D:2      | Found a faded altar of an unknown god.
  3082 | D:3      | Found a glowing silver altar of Zin.
  3088 | D:3      | Found a sacrificial altar of Ru.
  3202 | D:4      | Noticed a phantom
  3660 | D:4      | Killed a phantom
  3660 | D:4      | Reached XP level 6. HP: 43/53 MP: 8/8
  3676 | D:4      | Found a bloodstained altar of Trog.
  3684 | D:4      | Found Pida's Weapon Shoppe.
  3728 | D:4      | Reached skill level 1 in Throwing
  4185 | D:4      | Found a staircase to the Ecumenical Temple.
  4272 | D:4      | Found a blossoming altar of Fedhas.
  4272 | D:4      | Found a hide-covered altar of Uskayaw.
  4634 | D:4      | Reached XP level 7. HP: 47/59 MP: 9/9
  4782 | D:5      | Entered Level 5 of the Dungeon
  4782 | D:5      | Found Icsuosoi's Food Shoppe.
  4957 | D:5      | Reached *** piety under Lugonu
  5233 | D:5      | Noticed Grinder
  5235 | D:5      | Paralysed by Grinder for 2 turns
  5263 | D:5      | Paralysed by Grinder for 4 turns
  5271 | D:5      | Killed Grinder
  5271 | D:5      | Reached XP level 8. HP: 16/69 MP: 9/11
  5544 | D:5      | Found a shattered altar of Ashenzari.
  5736 | D:5      | Found a hazy altar of Hepliaklqana.
  5964 | D:5      | Found a shadowy altar of Dithmenos.
  6405 | D:6      | Found a snail-covered altar of Cheibriados.
  6744 | D:6      | Reached skill level 5 in Fighting
  6812 | D:6      | Reached skill level 1 in Shields
  7422 | D:7      | Found a sand-covered staircase.
  7433 | Ossuary  | Entered an ossuary
  7485 | Ossuary  | Reached skill level 5 in Invocations
  7936 | D:7      | Reached skill level 5 in Axes
  7936 | D:7      | Reached skill level 5 in Armour
  8179 | D:7      | Reached XP level 9. HP: 66/76 MP: 12/12
  8237 | D:7      | Found Qocekoqa's Weapon Shoppe.
  8524 | D:7      | Found an opulent altar of Gozag.
  9095 | D:8      | Noticed a manticore
  9104 | D:8      | Slain by a manticore

Levels and vault maps discovered:
D:1:      dpeg_arrival_solitude, layout_basic, minmay_pentomino_o4
D:2:      layout_rooms, chequers_ecumenical_altar_simple, first_ration
D:3:      layout_basic, grunt_temple_overflow_holy_war, minitemple,
          cheibrodos_sewer_entry_bend
D:4:      layout_basic, gammafunk_temple_overflow_elements, bloody_trog,
          minmay_temple_entry_mini_moons, serial_shops, nicolae_shop_crystal
D:5:      layout_basic, lemuel_coloured_pillars_altar,
          nicolae_overflow_hidden_temple, serial_shops, shop,
          evilmike_ruin_ashenzari, uniq_grinder
D:6:      layout_rooms, kennysheep_mini_moat, kennysheep_small_square
D:7:      layout_rooms, overflow_temple_1_default,
          lightli_ossuary_entry_decrepit_ruins, serial_shops, shop_statue
D:8:      layout_cave_pools, nicolae_overflow_crystal_walls, blue_anna_alchemist
          [blue_anna_fruit_fields, blue_anna_fruit_fields]

Skill      XL: |  1  2  3  4  5  6  7  8 |
---------------+-------------------------+-----
Axes           | 2 3 5 |  5.5
Dodging        | 1 2 3 |  3.5
Armour         | 2 3 4 5 |  5.2
Long Blades    | 1 |  1.0
Invocations    | 3 4 5 |  5.5
Throwing       | 1 |  1.5
Fighting       | 4 5 |  5.3
Shields        | 1 |  1.2

Action                   |  1- 3 |  4- 6 |  7- 9 || total
-------------------------+-------+-------+-------++-------
Melee: Hand axe          |    84 |    90 |   266 ||   440
       Kick              |    19 |    47 |    75 ||   141
       Long sword        |    11 |    81 |       ||    92
Throw: Boomerang         |       |    15 |       ||    15
Invok: Depart the Abyss  |     1 |       |       ||     1
       Banish            |       |       |     3 ||     3
  Use: Potion            |     3 |     2 |     6 ||    11
       Scroll            |     5 |     6 |     7 ||    18
  Eat: Chunk             |     1 |     5 |     4 ||    10
       Ration            |       |     1 |     3 ||     4
Armor: Chain mail        |    83 |    30 |       ||   113
       Plate armour      |       |   109 |   263 ||   372
       Skin              |       |       |     2 ||     2
Dodge: Dodged            |    35 |    20 |    57 ||   112
Block: Buckler           |       |    23 |    60 ||    83
       Rpst.: Long sword |     2 |     6 |       ||     8

Table legend:
 A = Non-vault XP
 B = Vault XP
 C = Vault XP percentage of total XP
 D = Non-vault monster count
 E = Vault monster count
 F = Vault count percentage of total count
                 A         B        C        D         E       F
            +---------+---------+-------+---------+---------+-------
      Total |    2960 |     459 |  13.4 |     139 |      22 |  13.7
            +---------+---------+-------+---------+---------+-------
        D:1 |      30 |       5 |  14.3 |      19 |       3 |  13.6
        D:2 |      88 |       0 |   0.0 |      21 |       0 |   0.0
        D:3 |     168 |       5 |   2.9 |      28 |       1 |   3.4
        D:4 |     665 |       0 |   0.0 |      13 |       0 |   0.0
        D:5 |     386 |     272 |  41.3 |      14 |       1 |   6.7
        D:6 |     789 |      19 |   2.4 |      15 |       1 |   6.2
        D:7 |     622 |       0 |   0.0 |      21 |       0 |   0.0
        D:8 |     212 |       0 |   0.0 |       8 |       0 |   0.0
    Ossuary |       0 |     158 | 100.0 |       0 |      16 | 100.0
            +---------+---------+-------+---------+---------+-------
